 Dungeon Crawl Stone Soup version 0.25-a0-566-g062765be81 (webtiles) character file.

Game seed: 464217831925470957, levelgen mode: deterministic

26409 MalarOregon the Fighter (level 13, -1/103 HPs)
             Began as a Barachi Summoner on Feb 27, 2020.
             Was an Initiate of Gozag.
             Slain by an orc warrior
             ... wielding a +2 long sword of flaming
             ... led by Saint Roka
              (18 damage)
             ... on level 2 of the Orcish Mines on Feb 28, 2020.
             The game lasted 01:48:11 (32591 turns).

MalarOregon the Fighter (Barachi Summoner)         Turns: 32591, Time: 01:48:12

Health: -1/103     AC: 13    Str:  9    XL:     13   Next: 25%
Magic:  19/25      EV: 13    Int: 21    God:    Gozag
Gold:   2454       SH: 10    Dex: 13    Spells: 12/29 levels left

rFire    + . .     SeeInvis .   D - +6 demon blade "Vasaoss" {drain, rN+}
rCold    . . .     Gourm    .   H - +0 kite shield
rNeg     + . .     Faith    .   C - +3 leather armour {rF+}
rPois    .         Spirit   .   R - +2 hat {MR+}
rElec    .         Reflect  .   N - +0 cloak
rCorr    +         Harm     .   P - +0 pair of gloves
MR       ++...                  B - +1 pair of boots
Stlth    ++........             (no amulet)
HPRegen  0.27/turn              l - ring of protection from magic
MPRegen  0.19/turn              q - ring of resist corrosion

@: gold aura, slow
A: +LOS, swims, slowness 1, strong legs 2
a: Hop, Potion Petition, Call Merchant, Bribe Branch, Renounce Religion


You were on level 2 of the Orcish Mines.
You worshipped Gozag.
Gozag was most pleased with you.
You were near starving.

You visited 4 branches of the dungeon, and saw 18 of its levels.
You also visited: Sewer and Ice Cave.

You collected 4279 gold pieces.
You spent 960 gold pieces at shops.
You paid 865 gold pieces to Gozag.

Inventory:

Hand Weapons
 b - a +2 dagger of venom
   (You took it off an orc priest on level 2 of the Dungeon)
 D - the +6 demon blade "Vasaoss" (weapon) {drain, rN+}
   (You acquired it on level 2 of the Lair of Beasts)

   A truly terrible weapon, it drains the life of those it strikes.
   It protects you from negative energy.
Missiles
 f - 444 stones
 j - 17 poisoned darts (quivered)
 y - 5 atropa-tipped darts
 z - 3 throwing nets {!f}
 E - 3 curare-tipped darts {!f}
 J - 21 boomerangs
Armour
 g - a +2 scale mail of poison resistance
   (You found it on level 2 of the Dungeon)
 B - a +1 pair of boots (worn)
   (You found it on level 5 of the Dungeon)
 C - a +3 leather armour of fire resistance (worn)
   (You took it off Duvessa on level 6 of the Dungeon)
 F - a +1 helmet of see invisible
   (You found it on level 7 of the Dungeon)
 H - a +0 kite shield (worn)
   (You found it on level 7 of the Dungeon)
 N - a +0 cloak (worn)
   (You found it on level 4 of the Dungeon)
 P - a +0 pair of gloves (worn)
   (You found it on level 10 of the Dungeon)
 R - a +2 hat of magic resistance (worn)
   (You took it off Gastronok on level 10 of the Dungeon)
Jewellery
 i - an uncursed ring of protection from fire
   (You found it on level 3 of the Dungeon)
 l - a ring of protection from magic (left hand)
   (You found it on level 2 of the Dungeon)
 q - a ring of resist corrosion (right hand)
   (You took it off a crimson imp on level 9 of the Dungeon)
Wands
 c - a wand of disintegration (7)
   (You found it on level 10 of the Dungeon)
 d - a wand of iceblast (8)
   (You took it off a crimson imp on level 6 of the Dungeon)
 t - a wand of flame (29)
   (You bought it in a shop on level 4 of the Dungeon)
 u - a wand of paralysis (10)
   (You bought it in a shop on level 4 of the Dungeon)
 v - a wand of digging (6)
   (You took it off Grinder on level 5 of the Dungeon)
 x - a wand of acid (14)
   (You found it on level 9 of the Dungeon)
 M - a wand of clouds (2)
   (You found it on level 9 of the Dungeon)
 Q - a wand of polymorph (7)
   (You found it on level 10 of the Dungeon)
 V - a wand of enslavement (2)
   (You found it on level 11 of the Dungeon)
Scrolls
 a - a scroll of magic mapping
 n - 4 scrolls of amnesia
 p - 4 scrolls of teleportation {@r4}
 s - 11 scrolls of remove curse {@r2}
 G - 2 scrolls of identify {@r1}
 I - 2 scrolls of fear
 K - a scroll of immolation {!r}
 T - 3 scrolls of vulnerability {!r}
Potions
 h - 3 potions of brilliance
 k - a potion of stabbing
 m - 2 potions of lignification {!q}
 o - a potion of ambrosia
 r - 3 potions of curing {@q1}
 A - a potion of invisibility
 L - a potion of magic
 O - a potion of flight
 S - 2 potions of haste {@q3}
Comestibles
 e - 12 rations {!d}


   Skills:
 + Level 10.1 Fighting
 + Level 8.8 Long Blades
 - Level 6.0 Throwing
 + Level 3.8 Armour
 - Level 6.0 Dodging
 - Level 1.7 Stealth
 + Level 7.5 Shields
 + Level 8.9 Spellcasting
 + Level 8.9 Summonings
 + Level 5.2 Necromancy
 * Level 8.0 Air Magic
 + Level 6.9 Earth Magic


You had 12 spell levels left.
You knew the following spells:

 Your Spells              Type           Power        Failure   Level  Hunger
a - Shadow Creatures      Summ           N/A          69%         6    ######.
f - Borgnjor's Vile Clut  Necr/Erth      ####......   52%         5    #####..
x - Call Imp              Summ           #####...     1%          2    None
z - Summon Lightning Spi  Summ/Air       #####...     8%          4    ###....

Your spell library contained the following spells:

 Spells                   Type           Power        Failure   Level  Hunger
 Summon Small Mammal      Summ           ####         1%          1    None
 Call Canine Familiar     Summ           #####...     1%          3    None
 Animate Skeleton         Necr           N/A          3%          1    None
 Summon Guardian Golem    Hex/Summ       ####....     12%         3    None
 Apportation              Tloc           #.....       26%         1    None
 Corona                   Hex            #......      26%         1    None
 Freeze                   Ice            #...         26%         1    None
 Ensorcelled Hibernation  Hex/Ice        #.....       36%         2    None
 Slow                     Hex            #.......     36%         2    None
 Summon Ice Beast         Ice/Summ       ####....     38%         4    ###....
 Leda's Liquefaction      Hex/Erth       ###.......   52%         4    ###....
 Frozen Ramparts          Ice            #.....       61%         3    None
 Inner Flame              Hex/Fire       #.......     61%         3    None
 Ozocubu's Armour         Chrm/Ice       #.......     61%         3    None
 Portal Projectile        Hex/Tloc       #.....       61%         3    None
 Silence                  Hex/Air        ####......   80%         5    #####..
 Cause Fear               Hex            #.........   95%         4    ###....
 Hailstorm                Conj/Ice       #.......     95%         4    ###....
 Darkness                 Hex            #.........   100%        6    ######.


Dungeon Overview and Level Annotations

Branches:
Dungeon (11/15)            Temple (1/1) D:7            Lair (4/6) D:11
 Shoals (0/4) Lair:3       Spider (0/4) Lair:2          Orc (2/2) D:11
    Elf (0/3) Orc:2         Sewer (visited)           IceCv (visited)

Altars:
Ashenzari
Cheibriados
Dithmenos
Elyvilon
Fedhas
Gozag
Hepliaklqana
Kikubaaqudgha
Makhleb
Nemelex Xobeh
Okawaru
Qazlal
Ru
Sif Muna
Trog
Uskayaw
Vehumet
Wu Jian
Xom
Yredelemnul
Zin
The Shining One

Shops:
D:4 (}(}(

Annotations:
D:3 2 transporters, iroha's ghost, amateur SpGl
D:4 2 transporters, Sickboy's ghost, amateur MiFi
D:5 1 runed translucent door, Crazy Yiuf
Lair:1 3 runed translucent doors, Beaer's ghost, journeyman VSAs
Lair:2 exclusion: downstairs
Lair:3 !DEATH
Lair:4 Nessos
Orc:2 Saint Roka


Innate Abilities, Weirdness & Mutations

You can be seen from farther away. (+LOS)
You can swim through water.
You cover ground slowly.
You can hop long distances.


Message History

Your lightning spire shoots out a bolt of lightning at Saint Roka!
The bolt of electricity hits Saint Roka!
The bolt of electricity hits the ogre!
The ogre dies!
You hear a shout!
Okay, then.
Unknown command.
Aim: Saint Roka, wielding a +3 antimagic war axe and wearing a +0 plate armour (moderately wounded)
The bolt of acid hits Saint Roka.
Saint Roka is splashed with acid!
You block Saint Roka's attack.
Aim: Saint Roka, wielding a +3 antimagic war axe and wearing a +0 plate armour (moderately wounded)
The bolt of acid hits Saint Roka.
Saint Roka is splashed with acid.
The acid corrodes Saint Roka!
Saint Roka completely misses you.
An orc warrior comes into view.
It is wielding a +0 halberd and wearing a +0 chain mail of fire resistance.
Your lightning spire shoots out a bolt of lightning at Saint Roka!
The bolt of electricity hits Saint Roka!
The bolt of electricity hits the orc warrior!
Aim: Saint Roka, wielding a +3 antimagic war axe and wearing a +0 plate armour (heavily wounded, covered in acid)
The bolt of acid hits Saint Roka!
Saint Roka is splashed with acid.
Saint Roka seems to be corroded for longer.
An orc comes into view. It is wielding a +0 club.
Your lightning spire shoots out a bolt of lightning at Saint Roka!
The bolt of electricity hits Saint Roka!
The bolt of electricity misses the orc warrior.
The bolt of electricity hits the orc!
The orc dies!
A troll comes into view.
Saint Roka invokes the aid of Beogh against your lightning spire.
Your lightning spire is smitten.
Aim: Saint Roka, wielding a +3 antimagic war axe and wearing a +0 plate armour (heavily wounded, covered in acid)
The bolt of acid hits Saint Roka!
Saint Roka is splashed with acid.
Your lightning spire shoots out a bolt of lightning at Saint Roka!
The bolt of electricity hits Saint Roka!
The bolt of electricity hits the orc warrior!
The bolt of electricity hits the troll!
The troll dies!
An orc warrior comes into view.
It is wielding a +2 long sword of flaming.
Aim: Saint Roka, wielding a +3 antimagic war axe and wearing a +0 plate armour (severely wounded, covered in acid)
The bolt of acid hits Saint Roka!
Saint Roka is splashed with acid!
Saint Roka seems to be corroded for longer.
Your lightning spire shoots out a bolt of lightning at Saint Roka!
The bolt of electricity hits Saint Roka!
The bolt of electricity hits the orc warrior! x2
The orc warrior dies!
Saint Roka hits your lightning spire with a +3 antimagic war axe!!
Your lightning spire is destroyed!
You block Saint Roka's attack.
The orc warrior hits you with a +2 long sword of flaming!!
You die...
Your body crumbles into a pile of gold.

#
##.#####.....................#
# ### #.....................##
# ##................o....#
##.....#..#.......##.##
##.#.####...#.o.##### #####
##.##o..#.###. ###.....#...#..
####..........##..
##@#........#......
#.oo$$.##..###..#.#
############ #####


You could see Saint Roka (unaware) and an orc warrior.

Vanquished Creatures
  Gastronok (D:10)
  A hydra (D:11)
  2 two-headed ogres
  An unseen horror (D:11)
  3 orc sorcerers
  An ugly thing (IceCv)
  A wolf spider (Lair:2)
  2 oklob plants (Lair:2)
  A black mamba (Lair:2)
  Joseph (D:9)
  An elephant (D:11)
  4 spiny frogs
  Psyche (D:10)
  A komodo dragon (Lair:3)
  5 water moccasins
  2 trolls (Orc:1)
  Prince Ribbit (D:7)
  A polar bear (D:9)
  Grinder (D:5)
  6 blink frogs (Lair:3)
  6 hippogriffs
  Sigmund (D:3)
  8 yaks
  2 basilisks
  A hungry ghost (D:9)
  Edmund (D:5)
  3 wargs
  Duvessa (D:6)
  16 orc warriors
  5 porcupines
  2 sky beasts
  A phantom (D:8)
  A necrophage (D:6)
  7 ogres
  17 ice beasts
  3 centaurs
  7 crocodiles
  A big kobold (D:9)
  6 bullfrogs
  A hornet simulacrum (D:9)
  3 scorpions
  6 killer bees (D:8)
  2 howler monkeys
  2 electric eels
  8 crimson imps
  A bullfrog zombie (D:9)
  A bullfrog skeleton (D:11)
  3 hounds
  2 jellies (D:11)
  14 orc priests
  Ijyb (D:3)
  2 centaur skeletons (D:7)
  A gnoll shaman (D:5)
  5 iguanas
  16 orc wizards
  10 worker ants
  A hound zombie (D:5)
  A worker ant zombie (D:7)
  7 gnolls
  14 adders
  A shadow imp (D:6)
  2 white imps
  A worker ant simulacrum (D:9)
  2 ufetubi
  An adder zombie (D:5)
  An adder skeleton (D:4)
  3 worms
  2 dart slugs
  An adder simulacrum (D:9)
  7 leopard geckos
  86 orcs
  6 giant cockroaches
  2 goblins
  8 hobgoblins
  7 jackals
  11 kobolds
  3 quokkas
  4 ball pythons
  4 bats
  5 frilled lizards
  6 rats
  4 fungi
  A plant (Lair:2)
395 creatures vanquished.

Vanquished Creatures (collateral kills)
  An orc warlord (Orc:1)
  A catoblepas (Lair:2)
  A komodo dragon (Lair:2)
  A polar bear (D:9)
  A troll (Orc:2)
  2 blink frogs (Lair:3)
  A hippogriff (D:11)
  3 water moccasins (Lair:1)
  3 orc warriors
  A black bear (D:11)
  3 ogres
  A phantom (D:5)
  A wolf (D:9)
  A crocodile (Lair:1)
  Dowan (D:6)
  2 killer bees (D:8)
  A crimson imp (D:6)
  An orc wizard (D:2)
  3 orc priests
  A killer bee zombie (D:5)
  4 gnolls
  6 adders
  A worker ant simulacrum (D:9)
  An ooze (D:3)
  A dart slug (D:2)
  2 leopard geckos
  4 orcs
  2 frilled lizards (Sewer)
  A kobold (D:2)
  A fungus (Lair:3)
  A plant (Lair:2)
54 creatures vanquished.

Vanquished Creatures (others)
  2 black mambas
  A water moccasin (Lair:1)
  An orc wizard (Orc:1)
  11 fungi
  12 plants
27 creatures vanquished.

Grand Total: 476 creatures vanquished

Notes
Turn   | Place    | Note
-------+----------+-------------------------------------------
     0 | D:1      | MalarOregon the Barachi Summoner began the quest for the
                  | Orb.
     0 | D:1      | Reached XP level 1. HP: 13/13 MP: 3/3
   202 | D:1      | Reached XP level 2. HP: 20/20 MP: 5/5
   874 | D:1      | Reached skill level 1 in Fighting
   874 | D:1      | Reached skill level 5 in Summonings
  1135 | D:2      | Reached XP level 3. HP: 26/26 MP: 6/6
  1137 | D:2      | Reached skill level 1 in Throwing
  1418 | D:2      | Learned a level 2 spell: Call Imp
  1499 | D:2      | Reached XP level 4. HP: 26/33 MP: 1/8
  1740 | D:2      | Reached skill level 2 in Fighting
  2663 | D:3      | Reached XP level 5. HP: 38/38 MP: 9/9
  2667 | D:3      | Noticed Sigmund
  2842 | D:3      | Noticed Ijyb
  2883 | D:3      | Killed Ijyb
  3143 | D:3      | Found a transporter.
  3148 | D:3      | Noticed iroha's ghost (amateur SpGl)
  3155 | D:3      | Found a transporter.
  3250 | D:3      | Killed Sigmund
  3250 | D:3      | Reached XP level 6. HP: 15/46 MP: 2/11
  3908 | D:4      | Found Cecwit's Gadget Emporium.
  4042 | D:4      | Reached skill level 3 in Fighting
  4058 | D:4      | Found Buor's Antique Weapon Boutique.
  4319 | D:4      | Reached XP level 7. HP: 25/52 MP: 4/12
  4497 | D:4      | Found Qarug's Gadget Shoppe.
  4532 | D:4      | Found Gaunkar's Antique Weapon Emporium.
  4699 | D:4      | Found Fojuh's Weapon Emporium.
  4748 | D:4      | Found a shimmering blue altar of Sif Muna.
  4852 | D:4      | Noticed Sickboy's ghost (amateur MiFi)
  4852 | D:4      | Identified the +7 dire flail "Laerikh" {drain, +Rage}
  4853 | D:4      | Found a transporter.
  4853 | D:4      | Found a transporter.
  4983 | D:4      | Found an ornate altar of the Wu Jian Council.
  5008 | D:5      | Entered Level 5 of the Dungeon
  5008 | D:5      | Found a glowing drain.
  5273 | D:5      | Reached skill level 4 in Fighting
  5301 | Sewer    | Entered a sewer
  5603 | Sewer    | Reached XP level 8. HP: 57/61 MP: 14/14
  5867 | D:5      | Reached skill level 5 in Dodging
  5947 | D:5      | Found a shimmering altar of Xom.
  5953 | D:5      | Noticed Grinder
  5966 | D:5      | Paralysed by Grinder for 2 turns
  5976 | D:5      | Killed Grinder
  5976 | D:5      | Reached skill level 1 in Long Blades
  6323 | D:5      | Found a shattered altar of Ashenzari.
  6540 | D:5      | Noticed Edmund
  6582 | D:5      | Killed Edmund
  6582 | D:5      | Reached skill level 5 in Fighting
  6582 | D:5      | Reached skill level 5 in Spellcasting
  7508 | D:5      | Found a runed translucent door.
  7509 | D:5      | Noticed Crazy Yiuf
  7725 | D:6      | Learned a level 4 spell: Summon Lightning Spire
  7731 | D:6      | Learned a level 5 spell: Borgnjor's Vile Clutch
  7738 | D:6      | Learned a level 6 spell: Shadow Creatures
  7902 | D:6      | Noticed Dowan
  7914 | D:6      | Killed Dowan
  7918 | D:6      | Noticed Duvessa
  7948 | D:6      | Killed Duvessa
  7948 | D:6      | Reached skill level 1 in Necromancy
  7948 | D:6      | Reached skill level 1 in Air Magic
  7948 | D:6      | Reached skill level 1 in Earth Magic
  7948 | D:6      | Reached XP level 9. HP: 68/68 MP: 1/16
  9741 | D:7      | Found a snail-covered altar of Cheibriados.
  9923 | D:7      | Found a staircase to the Ecumenical Temple.
  9948 | Temple   | Entered the Ecumenical Temple
 10028 | Temple   | Became a worshipper of Gozag Ym Sagoz the Greedy
 10082 | D:7      | Found a glowing golden altar of the Shining One.
 10129 | D:7      | Found a bloodstained altar of Trog.
 10517 | D:7      | Noticed Prince Ribbit
 10539 | D:7      | Killed Prince Ribbit
 11038 | D:7      | Reached skill level 1 in Shields
 11443 | D:4      | Bought a wand of iceblast (7) for 132 gold pieces
 11443 | D:4      | Bought a wand of paralysis (11) for 156 gold pieces
 11443 | D:4      | Bought a wand of flame (10) for 72 gold pieces
 11938 | D:8      | Reached skill level 5 in Throwing
 12446 | D:8      | Reached XP level 10. HP: 69/74 MP: 18/18
 12517 | D:8      | Found a basalt altar of Yredelemnul.
 12523 | D:8      | Found a sacrificial altar of Ru.
 12526 | D:8      | Found a snail-covered altar of Cheibriados.
 12568 | D:8      | Reached skill level 6 in Fighting
 14570 | D:9      | Found a radiant altar of Vehumet.
 14571 | D:9      | Noticed Joseph
 14597 | D:9      | Killed Joseph
 15551 | D:10     | Entered Level 10 of the Dungeon
 15595 | D:10     | Noticed Gastronok
 15716 | D:10     | Noticed Psyche
 15724 | D:10     | Killed Psyche
 15930 | D:10     | Killed Gastronok
 15930 | D:10     | Reached skill level 7 in Fighting
 15930 | D:10     | Reached skill level 5 in Long Blades
 15930 | D:10     | Reached skill level 5 in Air Magic
 15930 | D:10     | Reached skill level 5 in Earth Magic
 15930 | D:10     | Reached XP level 11. HP: 67/84 MP: 20/20
 16873 | D:11     | Found a staircase to the Orcish Mines.
 16962 | D:11     | Noticed a two-headed ogre
 17276 | D:11     | Noticed an unseen horror
 17296 | D:11     | Killed an unseen horror
 17626 | D:11     | Noticed a five-headed hydra
 17656 | D:11     | Killed a five-headed hydra
 18118 | D:11     | Killed a two-headed ogre
 18136 | D:11     | Found a staircase to the Lair.
 18347 | Lair:1   | Entered Level 1 of the Lair of Beasts
 18379 | Lair:1   | Reached skill level 8 in Fighting
 18379 | Lair:1   | Reached skill level 5 in Shields
 19401 | Lair:1   | Found a runed translucent gate.
 19401 | Lair:1   | Found a runed translucent gate.
 19401 | Lair:1   | Noticed a nine-headed hydra
 19401 | Lair:1   | Noticed Beaer's ghost (journeyman VSAs)
 19520 | Lair:1   | Noticed a 12-headed hydra
 19521 | Lair:1   | Found a runed translucent gate.
 19679 | Lair:2   | Found a frozen archway.
 19751 | IceCv    | Entered an ice cave
 19945 | IceCv    | Got a translucent rapier
 19946 | IceCv    | Identified a scroll of acquirement
 19947 | IceCv    | Identified the cursed +0 rapier "Qiclutz" {drain, *Corrode
                  | rN+ Dex+2 SInv} (You found it in an ice cave)
 19953 | IceCv    | Noticed a white ugly thing
 19990 | IceCv    | Killed a brown ugly thing
 19990 | IceCv    | Reached XP level 12. HP: 22/94 MP: 23/23
 22512 | IceCv    | HP: 3/94 [ice beast[an ice statue] (13)]
 23712 | Lair:2   | Noticed a catoblepas
 23748 | Lair:2   | Killed a catoblepas
 24142 | Lair:2   | Reached skill level 9 in Fighting
 24482 | Lair:2   | Found a hole to the Spider Nest.
 25576 | Lair:2   | Identified the +6 demon blade "Vasaoss" {drain, rN+} (You
                  | acquired it on level 2 of the Lair of Beasts)
 25576 | Lair:2   | Identified the +0 pair of gloves of the Elven Halls {Dex+7}
                  | (You acquired it on level 2 of the Lair of Beasts)
 25979 | Lair:2   | Reached skill level 1 in Armour
 26181 | Lair:3   | Noticed a death yak
 26181 | Lair:3   | Noticed a death yak
 26181 | Lair:3   | Noticed a death yak
 26181 | Lair:3   | Noticed a death yak
 26181 | Lair:3   | Noticed a death yak
 26349 | Lair:4   | Noticed Nessos
 27500 | Lair:3   | Found a staircase to the Shoals.
 28484 | Orc:1    | Entered Level 1 of the Orcish Mines
 29039 | Orc:2    | Entered Level 2 of the Orcish Mines
 29592 | Orc:2    | Noticed an orc warlord
 29862 | Orc:1    | Gained mutation: You can hop long distances. [Barachi
                  | growth]
 29862 | Orc:1    | Reached XP level 13. HP: 100/103 MP: 25/25
 30796 | Orc:1    | Reached skill level 10 in Fighting
 30839 | Orc:2    | Reached skill level 5 in Necromancy
 30987 | Orc:1    | HP: 3/103 [orc warlord/+3 battleaxe (29)]
 31407 | Orc:1    | Killed an orc warlord
 32009 | Orc:2    | Noticed Saint Roka
 32306 | Orc:2    | Found a staircase to the Elven Halls.
 32485 | Orc:1    | Bought a ration for 50 gold pieces
 32485 | Orc:1    | Bought a ration for 50 gold pieces
 32485 | Orc:1    | Bought a ration for 50 gold pieces
 32485 | Orc:1    | Bought a ration for 50 gold pieces
 32485 | Orc:1    | Bought a ration for 50 gold pieces
 32485 | Orc:1    | Bought a ration for 50 gold pieces
 32485 | Orc:1    | Bought a ration for 50 gold pieces
 32485 | Orc:1    | Bought a ration for 50 gold pieces
 32485 | Orc:1    | Bought a ration for 50 gold pieces
 32485 | Orc:1    | Bought a ration for 50 gold pieces
 32485 | Orc:1    | Bought a ration for 50 gold pieces
 32485 | Orc:1    | Bought a ration for 50 gold pieces
 32591 | Orc:2    | Slain by an orc warrior

Levels and vault maps discovered:
D:1:      dpeg_arrival_yet_another_circle, layout_basic, minmay_strange_pillars
D:2:      layout_loops_ring
D:3:      layout_loops_corners, gammafunk_ghost_arena, uniq_sigmund, uniq_ijyb
D:4:      layout_loops_ring, nicolae_overflow_hidden_temple, marbit_many_paths,
          serial_shops, nicolae_shop_stone, shop, shop, shop,
          kennysheep_little_box, gammafunk_ghost_smash
D:5:      layout_basic, evilmike_ruin_ashenzari, nicolae_overflow_crystal_walls,
          first_ration, gup_sewer_entry_glass, minmay_hedge_maze,
          uniq_crazy_yiuf_cottage, uniq_edmund, uniq_grinder
D:6:      cheibrodos_helix_gallery, layout_layer_cave, uniq_duvessa
D:7:      layout_basic, lemuel_doored_altar, old_standard_altar, temple_green,
          grunt_ogre_cave, minivault_19, cheibriados_altar_1,
          uniq_prince_ribbit1
D:8:      layout_loops_ring, grunt_temple_overflow_diamond
D:9:      layout_loops_cross, vehumet_altar_wand_db, serial_ice, serial_ice_g,
          serial_ice_j, serial_ice_e, serial_ice_h, uniq_joseph
D:10:     layout_cave_pools, uniq_gastronok, uniq_psyche
D:11:     layout_basic, david_lair_generic, hiddenorc2_lemuel
Temple:   nicolae_temple_x_marks_the_god
Lair:1:   layout_hall_layers, gammafunk_ghost_hydra_chop,
          cheibrodos_lair_reptile_den
Lair:2:   layout_regular_city, spider_nest_entry_rubble,
          portal_ice_cave_entry_ice_beasts, grunt_megastairs_4,
          lemuel_fruit_fields, minmay_lair_oklob_chamber
Lair:3:   layout_regular_city, shoals_dummy_entry, grunt_megastairs_3
Lair:4:   layout_layer_cave, uniq_nessos
Orc:1:    layout_caves
Orc:2:    st_orc_pillars, layout_caves, uniq_saint_roka

Skill      XL: |  1  2  3  4  5  6  7  8  9 10 11 12 13 |
---------------+----------------------------------------+-----
Fighting       | 1 2 3 4 5 7 8 9 10 | 10.1
Summonings     | 5 6 7 8 |  8.9
Throwing       | 1 2 3 4 5 6 |  6.0
Dodging        | 3 4 5 6 |  6.0
Spellcasting   | 3 4 5 6 7 8 |  8.9
Long Blades    | 2 3 5 7 8 |  8.8
Necromancy     | 1 2 4 5 |  5.2
Air Magic      | 1 3 5 6 7 8 |  8.0
Earth Magic    | 1 3 5 6 |  6.9
Shields        | 1 3 5 7 |  7.5
Armour         | 3 |  3.8
Stealth        | |  1.7

Action                   |  1- 3 |  4- 6 |  7- 9 | 10-12 | 13-15 || total
-------------------------+-------+-------+-------+-------+-------++-------
Melee: Unarmed           |    11 |       |       |       |       ||    11
       Dagger            |    18 |   142 |   454 |   691 |       ||  1305
       Long sword        |    42 |     1 |    79 |       |       ||   122
       Scimitar          |       |       |    34 |   336 |       ||   370
       Demon blade       |       |       |       |   314 |   165 ||   479
Throw: Dart              |    20 |     4 |    44 |   128 |    10 ||   206
       Boomerang         |       |       |       |    32 |       ||    32
       Throwing net      |       |       |       |     2 |       ||     2
 Cast: Summon Small Mamm |    11 |       |       |       |       ||    11
       Call Imp          |     3 |    16 |    77 |   112 |       ||   208
       Summon Lightning  |       |       |       |       |    10 ||    10
Invok: Call Merchant     |       |       |       |       |     1 ||     1
 Abil: Hop               |       |     3 |     3 |    11 |     3 ||    20
Evoke: Wand              |       |       |       |    38 |     9 ||    47
  Use: Scroll            |     4 |    11 |     7 |    18 |     3 ||    43
       Potion            |       |       |     3 |     8 |     2 ||    13
 Stab: Distracted        |     1 |       |     3 |     4 |     1 ||     9
       Sleeping          |       |       |     3 |       |       ||     3
       Held in net/web   |       |       |       |     2 |       ||     2
       Paralysed         |       |       |       |     1 |       ||     1
  Eat: Chunk             |     3 |     7 |    15 |       |       ||    25
       Ration            |       |     1 |     4 |    20 |     2 ||    27
Armor: Robe              |     1 |       |       |       |       ||     1
       Ring mail         |    28 |     5 |       |       |       ||    33
       Scale mail        |       |    55 |   158 |   634 |    15 ||   862
       Leather armour    |       |       |    53 |    10 |    39 ||   102
       Skin              |       |       |       |    51 |       ||    51
Dodge: Dodged            |    50 |    59 |   345 |   507 |    72 ||  1033
Block: Kite shield       |       |       |       |   268 |    69 ||   337
       Rpst.: Long sword |     8 |       |    17 |       |       ||    25
       Scimitar          |       |       |    11 |    45 |       ||    56
       Demon blade       |       |       |       |    21 |    17 ||    38

Table legend:
 A = Non-vault XP
 B = Vault XP
 C = Vault XP percentage of total XP
 D = Non-vault monster count
 E = Vault monster count
 F = Vault count percentage of total count
                 A         B        C        D         E       F
            +---------+---------+-------+---------+---------+-------
      Total |   24899 |   12829 |  34.0 |     316 |     128 |  28.8
            +---------+---------+-------+---------+---------+-------
        D:1 |      26 |       0 |   0.0 |      12 |       0 |   0.0
        D:2 |     138 |       0 |   0.0 |      27 |       0 |   0.0
        D:3 |      20 |     192 |  90.6 |      10 |       2 |  16.7
        D:4 |     374 |       0 |   0.0 |      17 |       0 |   0.0
        D:5 |     746 |     373 |  33.3 |      23 |       5 |  17.9
        D:6 |     446 |     204 |  31.4 |       9 |       4 |  30.8
        D:7 |     653 |     417 |  39.0 |      24 |       2 |   7.7
        D:8 |    1676 |      18 |   1.1 |      33 |       2 |   5.7
        D:9 |     760 |    1054 |  58.1 |      25 |      11 |  30.6
       D:10 |     265 |    2551 |  90.6 |       5 |       2 |  28.6
       D:11 |    3536 |    1223 |  25.7 |      28 |      36 |  56.2
     Lair:1 |     784 |     648 |  45.3 |       5 |       7 |  58.3
     Lair:2 |    2605 |    3635 |  58.3 |      10 |      14 |  58.3
     Lair:3 |    3843 |     444 |  10.4 |      19 |       4 |  17.4
     Lair:4 |    1836 |       0 |   0.0 |       6 |       0 |   0.0
      Orc:1 |    5586 |      21 |   0.4 |      36 |       1 |   2.7
      Orc:2 |    1605 |     431 |  21.2 |      27 |      12 |  30.8
      Sewer |       0 |     278 | 100.0 |       0 |      19 | 100.0
      IceCv |       0 |    1340 | 100.0 |       0 |       7 | 100.0
            +---------+---------+-------+---------+---------+-------
